| TOP OF THE 1ST |
|
Denver Bears batting - Pitching for Wichita Aeros : RHP Jeff Heathcock
|
|
Pitching: RHP Jeff Heathcock
|
|
|
Batting: SHB Mitch Webster
|
0-0: Ball 1-0: Reached via error on a dropped throw from 1B, E1 (Groundball, 34S, EV 65.6 MPH)
|
|
Batting: RHB Victor Woods
|
0-0: Ball 1-0: Called Strike 1-1: Ball 2-1: TRIPLE (Flyball, 8LXD, EV 94.4 MPH) Mitch Webster scores
|
|
Batting: RHB Adolfo Feliz
|
0-0: Ball 1-0: Called Strike 1-1: Foul Ball, location: 2F 1-2: SINGLE (Groundball, 6MD, EV 106.9 MPH) Victor Woods scores
|
|
Batting: LHB Larry Donofrio
|
0-0: Foul Ball, location: 2F 0-1: Called Strike 0-2: Ball 1-2: Ball 2-2: Grounds into double play, 4-6-3 (Groundball, 4, EV 83.8 MPH)
|
|
Batting: LHB Armando Ortiz
|
0-0: Foul Ball, location: 2F 0-1: Called Strike 0-2: Ball 1-2: Foul Ball, location: 2F 1-2: Ball 2-2: Foul Ball, location: 2F 2-2: Fly out, F8 (Flyball, 89S, EV 88.1 MPH)
|
| Top of the 1st over - 2 runs, 2 hits, 1 error, 0 left on base; Denver 2 - Wichita 0 |
| BOTTOM OF THE 1ST |
|
Wichita Aeros batting - Pitching for Denver Bears : RHP Curt Heidenreich
|
|
Pitching: RHP Curt Heidenreich
|
|
|
Batting: LHB Omar Guerrero
|
0-0: Ball 1-0: Ball 2-0: Swinging Strike 2-1: Swinging Strike 2-2: SOLO HOME RUN (Flyball, 89XD, EV 100.6 MPH), Distance : 436 ft
|
|
Batting: RHB Dave Hoenstine
|
0-0: Called Strike 0-1: Ball 1-1: SINGLE (Groundball, 4D, EV 101.9 MPH)
|
|
Batting: LHB Michael Barnes
|
0-0: Foul Ball, location: 2F 0-1: Ball 1-1: Foul Ball, location: 2F 1-2: Foul Ball, location: 2F 1-2: Foul Ball, location: 2F 1-2: Ball 2-2: Foul Ball, location: 2F 2-2: Foul Ball, location: 2F 2-2: Ball 3-2: Foul Ball, location: 2F 3-2: Foul Ball, location: 2F 3-2: SINGLE (Line Drive, 6MD, EV 94.4 MPH) Dave Hoenstine to second Runner from 2nd tries for 3rd, SAFE, no throw by CF
|
|
Batting: RHB Bill Schroeder
|
0-0: Fly out, F6 (Flyball, 56D, EV 83.1 MPH)
|
|
Batting: RHB Jesse Barfield
|
0-0: Ball 1-0: Ball 2-0: Fielders Choice at 2nd, 4-6 (Groundball, 4, EV 87.5 MPH) Dave Hoenstine scores
|
|
Batting: LHB Glenn Gulliver
|
0-0: Ball 1-0: SINGLE (Line Drive, 3, EV 75.0 MPH) (infield hit) Jesse Barfield to second
|
|
Batting: LHB Angel Matos
|
0-0: Swinging Strike 0-1: Foul Ball, location: 2F 0-2: Foul Ball, location: 2F 0-2: Strikes out swinging
|
| Bottom of the 1st over - 2 runs, 4 hits, 0 errors, 2 left on base; Denver 2 - Wichita 2 |
| TOP OF THE 2ND |
|
Denver Bears batting - Pitching for Wichita Aeros : RHP Jeff Heathcock
|
|
Batting: LHB Tom Beyers
|
0-0: DOUBLE (Line Drive, 8RXD, EV 97.5 MPH)
|
|
Batting: RHB Juan Alvarez
|
0-0: SINGLE (Line Drive, 8LS, EV 100.6 MPH) Tom Beyers to third Runner from 3rd tries for Home, SAFE, throw by CF to home
|
|
Batting: RHB Francis McCann
|
0-0: Ground out 6-3 (Groundball, 4MD, EV 84.4 MPH) Juan Alvarez to second
|
|
Batting: RHB Gomez Barahona
|
0-0: SINGLE (Line Drive, 6D, EV 96.3 MPH) Juan Alvarez to third Runner from 3rd tries for Home, SAFE, throw by CF to home
|
|
Batting: SHB Mitch Webster
|
0-0: Called Strike 0-1: Ball Gomez Barahona is caught stealing 2nd base 2-6 1-1: Fly out, F4 (Popup, 4M, EV 80.0 MPH)
|
| Top of the 2nd over - 2 runs, 3 hits, 0 errors, 0 left on base; Denver 4 - Wichita 2 |
| BOTTOM OF THE 2ND |
|
Wichita Aeros batting - Pitching for Denver Bears : RHP Curt Heidenreich
|
|
Batting: LHB Jesus Ramos
|
0-0: Ball 1-0: Ball 2-0: Called Strike 2-1: Swinging Strike 2-2: Strikes out swinging
|
|
Batting: RHB Gary House
|
0-0: Ground out 6-3 (Groundball, 6, EV 80.0 MPH)
|
|
Batting: LHB Omar Guerrero
|
0-0: Ball 1-0: Ball 2-0: Foul Ball, location: 2F 2-1: Ball 3-1: Swinging Strike 3-2: Foul Ball, location: 2F 3-2: DOUBLE (Line Drive, 7LM, EV 101.3 MPH)
|
|
Batting: RHB Dave Hoenstine
|
0-0: Foul Ball, location: 2F 0-1: TRIPLE (Line Drive, 78XD, EV 101.3 MPH) Omar Guerrero scores
|
|
Batting: LHB Michael Barnes
|
0-0: Ball 1-0: Called Strike 1-1: Called Strike 1-2: Ball 2-2: Ball 3-2: DOUBLE (Line Drive, 89M, EV 85.6 MPH) Dave Hoenstine scores
|
|
Batting: RHB Bill Schroeder
|
0-0: Ball 1-0: Fly out, F8 (Flyball, 78M, EV 95.0 MPH)
|
| Bottom of the 2nd over - 2 runs, 3 hits, 0 errors, 1 left on base; Denver 4 - Wichita 4 |
| TOP OF THE 3RD |
|
Denver Bears batting - Pitching for Wichita Aeros : RHP Jeff Heathcock
|
|
Batting: RHB Victor Woods
|
0-0: Ball 1-0: Ball 2-0: Ball 3-0: Called Strike 3-1: Called Strike 3-2: Ground out 6-3 (Groundball, 6, EV 108.8 MPH)
|
|
Batting: RHB Adolfo Feliz
|
0-0: Ball 1-0: Foul Ball, location: 2F 1-1: Foul Ball, location: 2F 1-2: Strikes out swinging
|
|
Batting: LHB Larry Donofrio
|
0-0: Called Strike 0-1: Ball 1-1: Swinging Strike 1-2: Strikes out swinging
|
| Top of the 3rd over - 0 runs, 0 hits, 0 errors, 0 left on base; Denver 4 - Wichita 4 |
| BOTTOM OF THE 3RD |
|
Wichita Aeros batting - Pitching for Denver Bears : RHP Curt Heidenreich
|
|
Batting: RHB Jesse Barfield
|
0-0: Ball 1-0: Ground out 5-3 (Groundball, 25, EV 83.8 MPH)
|
|
Batting: LHB Glenn Gulliver
|
0-0: Ball 1-0: Foul Ball, location: 2F 1-1: Foul Ball, location: 2F 1-2: Foul Ball, location: 2F 1-2: Ball 2-2: Foul Ball, location: 2F 2-2: Strikes out swinging
|
|
Batting: LHB Angel Matos
|
0-0: Called Strike 0-1: Reached on error, E6 (Groundball, 6, EV 103.1 MPH)
|
|
Batting: LHB Jesus Ramos
|
0-0: Reached on error, E4 (Groundball, 4, EV 82.5 MPH) Angel Matos to third
|
|
Batting: RHB Gary House
|
0-0: Foul Ball, location: 2F 0-1: Ball 1-1: SINGLE (Groundball, 34S, EV 76.9 MPH) (infield hit) Angel Matos scores Jesus Ramos to second
|
|
Batting: LHB Omar Guerrero
|
0-0: Ball 1-0: Fly out, F8 (Line Drive, 8LM, EV 88.1 MPH)
|
| Bottom of the 3rd over - 1 run, 1 hit, 2 errors, 2 left on base; Denver 4 - Wichita 5 |
| TOP OF THE 4TH |
|
Denver Bears batting - Pitching for Wichita Aeros : RHP Jeff Heathcock
|
|
Batting: LHB Armando Ortiz
|
0-0: Ball 1-0: Ball 2-0: Foul Ball, location: 2F 2-1: Fly out, F4 (Popup, 34S, EV 80.0 MPH)
|
|
Batting: LHB Tom Beyers
|
0-0: Foul Ball, location: 2F 0-1: Fly out, F3 (Line Drive, 3, EV 73.8 MPH)
|
|
Batting: RHB Juan Alvarez
|
0-0: Foul Ball, location: 2F 0-1: Ball 1-1: SINGLE (Line Drive, 56D, EV 94.4 MPH)
|
|
Batting: RHB Francis McCann
|
0-0: Ball 1-0: Ball 2-0: Called Strike 2-1: 2-RUN HOME RUN (Flyball, 7D, EV 95.0 MPH), Distance : 373 ft
|
|
Pitching: RHP Steve Crawford
|
|
|
Batting: RHB Gomez Barahona
|
0-0: Called Strike 0-1: Called Strike 0-2: Strikes out swinging
|
| Top of the 4th over - 2 runs, 2 hits, 0 errors, 0 left on base; Denver 6 - Wichita 5 |
| BOTTOM OF THE 4TH |
|
Wichita Aeros batting - Pitching for Denver Bears : RHP Curt Heidenreich
|
|
Batting: RHB Dave Hoenstine
|
0-0: Ball 1-0: Foul Ball, location: 2F 1-1: Ball 2-1: Foul Ball, location: 2F 2-2: Ball 3-2: Hit by Pitch
|
|
Batting: LHB Michael Barnes
|
0-0: Called Strike 0-1: Ball 1-1: Fly out, F8 (Line Drive, 8LM, EV 86.3 MPH)
|
|
Batting: RHB Bill Schroeder
|
0-0: Called Strike 0-1: Ball 1-1: Foul Ball, location: 2F 1-2: Ball 2-2: Ball 3-2: Foul Ball, location: 2F 3-2: Fielders Choice at 2nd, 6-4 (Groundball, 6, EV 104.4 MPH)
|
|
Batting: RHB Jesse Barfield
|
0-0: Ball Wild Pitch! Bill Schroeder to second 1-0: Ball 2-0: Ball 3-0: Called Strike 3-1: Called Strike 3-2: Ground out 5-3 (Groundball, 56, EV 111.9 MPH)
|
| Bottom of the 4th over - 0 runs, 0 hits, 0 errors, 1 left on base; Denver 6 - Wichita 5 |
| TOP OF THE 5TH |
|
Denver Bears batting - Pitching for Wichita Aeros : RHP Steve Crawford
|
|
Batting: SHB Mitch Webster
|
0-0: Ball 1-0: SINGLE (Line Drive, 5D, EV 103.8 MPH)
|
|
Batting: RHB Victor Woods
|
0-0: SINGLE (Line Drive, 6MD, EV 99.4 MPH) Mitch Webster to second
|
|
Batting: RHB Adolfo Feliz
|
0-0: Ball 1-0: Ball 2-0: Called Strike 2-1: Foul Ball, location: 2F 2-2: Foul Ball, location: 2F 2-2: Ball 3-2: Strikes out swinging
|
|
Batting: LHB Larry Donofrio
|
0-0: Fly out, F9 (Line Drive, 9, EV 99.4 MPH) Runner from 2nd tags up, SAFE at 3rd with throw by RF
|
|
Batting: LHB Armando Ortiz
|
0-0: Ground out 4-3 (Groundball, 4, EV 84.4 MPH)
|
| Top of the 5th over - 0 runs, 2 hits, 0 errors, 2 left on base; Denver 6 - Wichita 5 |
| BOTTOM OF THE 5TH |
|
Wichita Aeros batting - Pitching for Denver Bears : RHP Curt Heidenreich
|
|
Batting: LHB Glenn Gulliver
|
0-0: Called Strike 0-1: Ball 1-1: Swinging Strike 1-2: SINGLE (Groundball, 4MS, EV 68.1 MPH) (infield hit)
|
|
Batting: LHB Angel Matos
|
0-0: Sac Bunt to 13S - play at first, batter OUT! 1-3 Glenn Gulliver to second
|
|
Batting: LHB Jesus Ramos
|
0-0: Swinging Strike 0-1: DOUBLE (Line Drive, 78D, EV 114.4 MPH) Glenn Gulliver scores
|
|
Pitching: RHP Dave Stieb
|
|
|
Batting: RHB Gary House
|
0-0: Ball 1-0: Foul Ball, location: 2F 1-1: Ball 2-1: Called Strike 2-2: Strikes out swinging
|
|
Batting: LHB Omar Guerrero
|
0-0: Ball 1-0: Ball 2-0: Swinging Strike 2-1: DOUBLE (Groundball, 5L, EV 100.6 MPH) Jesus Ramos scores
|
|
Batting: RHB Dave Hoenstine
|
0-0: Foul Ball, location: 2F 0-1: Called Strike 0-2: Ball 1-2: Ground out 4-3 (Groundball, 4, EV 83.8 MPH)
|
| Bottom of the 5th over - 2 runs, 3 hits, 0 errors, 1 left on base; Denver 6 - Wichita 7 |
| TOP OF THE 6TH |
|
Denver Bears batting - Pitching for Wichita Aeros : RHP Steve Crawford
|
|
Batting: LHB Tom Beyers
|
0-0: Ground out 5-3 (Groundball, 25, EV 80.0 MPH)
|
|
Batting: RHB Juan Alvarez
|
0-0: Ball 1-0: Ball 2-0: Ground out 4-3 (Groundball, 4, EV 80.0 MPH)
|
|
Batting: RHB Francis McCann
|
0-0: Ball 1-0: Foul Ball, location: 2F 1-1: Called Strike 1-2: Foul Ball, location: 2F 1-2: Ball 2-2: Foul Ball, location: 2F 2-2: Foul Ball, location: 2F 2-2: Fly out, F9 (Flyball, 9LM, EV 85.6 MPH)
|
| Top of the 6th over - 0 runs, 0 hits, 0 errors, 0 left on base; Denver 6 - Wichita 7 |
| BOTTOM OF THE 6TH |
|
Wichita Aeros batting - Pitching for Denver Bears : RHP Dave Stieb
|
|
Batting: LHB Michael Barnes
|
0-0: Foul Ball, location: 2F 0-1: Ball 1-1: Ball 2-1: Ball 3-1: Base on Balls
|
|
Batting: RHB Bill Schroeder
|
0-0: Ball 1-0: Called Strike 1-1: Called Strike 1-2: Fielders Choice at 2nd, 6-4 (Groundball, 6, EV 78.8 MPH)
|
|
Batting: RHB Jesse Barfield
|
0-0: Called Strike 0-1: Ball 1-1: Ball 2-1: Fly out, F3 (Popup, 3F, EV 74.4 MPH)
|
|
Batting: LHB Glenn Gulliver
|
0-0: Ball 1-0: Ball Wild Pitch! Bill Schroeder to second 2-0: Foul Ball, location: 2F 2-1: Called Strike 2-2: Foul Ball, location: 2F 2-2: Fly out, F7 (Line Drive, 7, EV 108.8 MPH)
|
| Bottom of the 6th over - 0 runs, 0 hits, 0 errors, 1 left on base; Denver 6 - Wichita 7 |
| TOP OF THE 7TH |
|
Denver Bears batting - Pitching for Wichita Aeros : RHP Steve Crawford
|
|
Batting: RHB Gomez Barahona
|
0-0: Foul Ball, location: 2F 0-1: Fly out, F7 (Flyball, 7S, EV 83.1 MPH)
|
|
Batting: SHB Mitch Webster
|
0-0: Ball 1-0: Fly out, F8 (Flyball, 8LS, EV 86.3 MPH)
|
|
Batting: RHB Victor Woods
|
0-0: Ball 1-0: Ball 2-0: Called Strike 2-1: Ground out 4-3 (Groundball, 34, EV 84.4 MPH)
|
| Top of the 7th over - 0 runs, 0 hits, 0 errors, 0 left on base; Denver 6 - Wichita 7 |
| BOTTOM OF THE 7TH |
|
Wichita Aeros batting - Pitching for Denver Bears : RHP Dave Stieb
|
|
Batting: LHB Angel Matos
|
0-0: Fly out, F7 (Flyball, 7D, EV 101.9 MPH)
|
|
Batting: LHB Jesus Ramos
|
0-0: Ball 1-0: Ground out 2-3 (Groundball, 15S, EV 71.3 MPH)
|
|
Batting: RHB Gary House
|
0-0: Called Strike 0-1: Ball 1-1: Ball 2-1: Ball 3-1: Called Strike 3-2: TRIPLE (Flyball, 89XD, EV 110.0 MPH)
|
|
Batting: LHB Omar Guerrero
|
0-0: Hit by Pitch
|
|
Batting: RHB Dave Hoenstine
|
0-0: Called Strike 0-1: Ball 1-1: Ball 2-1: Ball 3-1: Hit by Pitch Omar Guerrero to second
|
|
Pinch Runner at 1st Greg Cypret:
|
|
|
Batting: LHB Michael Barnes
|
0-0: Foul Ball, location: 2F 0-1: Ball 1-1: Foul Ball, location: 2F 1-2: Ball 2-2: Foul Ball, location: 2F 2-2: Ball 3-2: Fly out, F9 (Flyball, 89M, EV 88.8 MPH)
|
| Bottom of the 7th over - 0 runs, 1 hit, 0 errors, 3 left on base; Denver 6 - Wichita 7 |
| TOP OF THE 8TH |
|
Denver Bears batting - Pitching for Wichita Aeros : RHP Steve Crawford
|
|
Now at 2B: Victor Mabee
|
|
|
Batting: RHB Adolfo Feliz
|
0-0: Called Strike 0-1: Foul Ball, location: 2F 0-2: Strikes out swinging
|
|
Batting: LHB Larry Donofrio
|
0-0: Called Strike 0-1: Ball 1-1: Called Strike 1-2: Ball 2-2: Ball 3-2: Strikes out looking
|
|
Batting: LHB Armando Ortiz
|
0-0: Fly out, F4 (Flyball, 34D, EV 85.0 MPH)
|
| Top of the 8th over - 0 runs, 0 hits, 0 errors, 0 left on base; Denver 6 - Wichita 7 |
| BOTTOM OF THE 8TH |
|
Wichita Aeros batting - Pitching for Denver Bears : RHP Dave Stieb
|
|
Batting: RHB Bill Schroeder
|
0-0: Ball 1-0: Called Strike 1-1: Ball 2-1: Ball 3-1: Foul Ball, location: 2F 3-2: Strikes out swinging
|
|
Batting: RHB Jesse Barfield
|
0-0: Ball 1-0: Ball 2-0: Ball 3-0: Called Strike 3-1: Fly out, F9 (Flyball, 9LM, EV 91.3 MPH)
|
|
Batting: LHB Glenn Gulliver
|
0-0: Called Strike 0-1: Ball 1-1: Ground out 6-3 (Groundball, 6, EV 80.6 MPH)
|
| Bottom of the 8th over - 0 runs, 0 hits, 0 errors, 0 left on base; Denver 6 - Wichita 7 |
| TOP OF THE 9TH |
|
Denver Bears batting - Pitching for Wichita Aeros : RHP Steve Crawford
|
|
Pitching: RHP Joey McLaughlin
|
|
|
Batting: LHB Tom Beyers
|
0-0: Ground out 4-3 (Groundball, 4, EV 99.4 MPH)
|
|
Pinch Hitting: LHB Danny Heep
|
0-0: Called Strike 0-1: Foul Ball, location: 2F 0-2: Ground out 4-3 (Groundball, 34, EV 76.9 MPH)
|
|
Batting: RHB Francis McCann
|
0-0: Ball 1-0: Foul Ball, location: 2F 1-1: Ball 2-1: Ball 3-1: SINGLE (Line Drive, 89M, EV 106.3 MPH)
|
|
Pinch Hitting: SHB Mark Gilbert
|
0-0: Ball 1-0: Called Strike 1-1: Called Strike 1-2: Ball 2-2: Ball 3-2: Foul Ball, location: 2F 3-2: Fly out, F8 (Flyball, 8LS, EV 95.6 MPH)
|
| Top of the 9th over - 0 runs, 1 hit, 0 errors, 1 left on base; Denver 6 - Wichita 7 |
|